 Dungeon Crawl Stone Soup version 0.30-a0-883-g5ad918d77d (webtiles) character file.

Game seed: 15760273665166623645

2119 Pimp the Shield-Bearer (level 9, -2/68 (71) HPs)
             Began as a Formicid Fighter on Mar 15, 2023.
             Was an Initiate of Gozag.
             Slain by a wight
             ... wielding a +0 great sword
              (3 damage)
             ... on level 7 of the Dungeon.
             The game lasted 00:11:25 (4658 turns).

Pimp the Shield-Bearer (Formicid Fighter)           Turns: 4658, Time: 00:11:26

HP:   -2/68 (71)    AC:  7    Str: 24    XL:     9   Next: 54%
MP:   13/13         EV: 10    Int:  9    God:    Gozag
Gold: 707           SH: 11    Dex: 13    Spells: 14/14 levels left

rFire   + . .      SeeInvis +    t - +2 war axe (drain)
rCold   . . .      Faith    .    l - +1 kite shield
rNeg    . . .      Spirit   .    b - +0 scale mail
rPois   .          Reflect  .    (helmet unavailable)
rElec   .          Rampage  .    (no cloak)
rCorr   .                        (no gloves)
Will    .....                    (no boots) Stlth
                                 r - amulet of regeneration
HPRegen 1.11/turn                p - ring of protection from fire
MPRegen 0.13/turn                (no ring)

@: gold aura, lightly drained
A: permanent stasis, dig shafts and tunnels, antennae 3, four strong arms
a: Dig, Shaft Self, Renounce Religion, Potion Petition, Call Merchant, Bribe
Branch


You were on level 7 of the Dungeon.
You worshipped Gozag.
Gozag was pleased with you.
You visited 2 branches of the dungeon, and saw 8 of its levels.

You collected 747 gold pieces.
You paid 40 gold pieces to Gozag.

Inventory:

Hand Weapons
 a - a +0 war axe
 t - a +2 war axe of draining (weapon)
Armour
 b - a +0 scale mail (worn)
 c - a +0 buckler
 l - a +1 kite shield (worn)
Jewellery
 p - a ring of protection from fire (left hand)
 r - an amulet of regeneration (around neck)
Wands
 u - a wand of iceblast (12)
Scrolls
 h - a scroll of blinking
Potions
 d - 3 potions of might
 e - a potion of cancellation
 f - a potion of berserk rage
 i - a potion of magic
 j - 3 potions of curing
 m - a potion of haste {unknown}
 o - 3 potions of degeneration {unknown}
 q - 2 potions of mutation {unknown}
 v - a potion of attraction {unknown}
 x - 2 potions of lignification {unknown}
 z - a potion of heal wounds {unknown}


   Skills:
 + Level 6.5 Fighting
 * Level 6.5 Axes
 + Level 6.6 Armour
 + Level 2.7 Dodging
 + Level 7.9 Shields
 + Level 3.0 Spellcasting


You had 14 spell levels left.
You didn't know any spells.
Your spell library contained the following spells:

 Spells                   Type           Power      Damage    Failure   Level
 Magic Dart               Conj           4%         1d3       80%         1
 Sandblast                Erth           2%         2d4       80%         1
 Passwall                 Tmut/Erth      0%         N/A       90%         2
 Searing Ray              Conj           2%         2d4       90%         2
 Stone Arrow              Conj/Erth      2%         3d7       99%         3
 Fulminant Prism          Conj/Hex       0%         3d5       100%        4


Dungeon Overview and Level Annotations

Branches:
Dungeon (7/15)             Temple (1/1) D:4

Altars:
Ashenzari
Cheibriados
Dithmenos
Elyvilon
Fedhas
Gozag
Kikubaaqudgha
Makhleb
Nemelex Xobeh
Okawaru
Qazlal
Ru
Sif Muna
Trog
Uskayaw
Vehumet
Wu Jian
Xom
Yredelemnul
Zin
The Shining One


Innate Abilities, Weirdness & Mutations

You cannot be hasted, slowed, berserked, paralysed or teleported.
You can dig through walls and to a lower floor.
You have a pair of large antennae on your head. (SInv)
Your four strong arms can wield two-handed weapons with a shield.


Message History

You hit the sleepcap but do no damage.
The sleepcap is moderately damaged.
The sleepcap closely misses you. You block the sleepcap's attack.
Unknown command.
You hit the sleepcap.
The sleepcap is heavily damaged.
You block the sleepcap's attack.
The wight hits you from afar with a +0 halberd!
You hit the sleepcap.
The sleepcap is heavily damaged.
You block the sleepcap's attack.
The wight hits you from afar with a +0 halberd!
* * * LOW HITPOINT WARNING * * *
You feel drained.
* * * LOW HITPOINT WARNING * * *
It was a potion of curing.
You feel better. The sleepcap barely misses you. You block the wight's attack.
You hit the sleepcap.
The sleepcap is heavily damaged.
The sleepcap closely misses you. The wight hits you but does no damage.
The sleepcap releases spores at you. You block the wight's attack.
You hit the sleepcap.
The sleepcap is severely damaged.
You block the sleepcap's attack.
The wight hits you from afar with a +0 halberd.
You slash the sleepcap!
You destroy the sleepcap!
The wight hits you from afar with a +0 halberd!
* * * LOW HITPOINT WARNING * * *
You slash the wight!
You destroy the wight!
You block the wight's attack.
Your life force feels restored.
Your Spellcasting skill increases to level 3!
You hit the wight but do no damage.
The wight hits you with a +0 great sword!
* * * LOW HITPOINT WARNING * * *
You feel drained.
You die...
Your body crumbles into a pile of gold.

#..#.#..###..
#.#._.#.....#
###..#.#...#
###.....#....#
#...........##
#.#####.##..# #...zz# {
####hz#######
#.#@.....# ###......#
#......#
################......#
.............>........#
################......#
#......# #......#
########


You could see a black bear and 3 wights.

Vanquished Creatures
  Prince Ribbit (D:6)
  Eustachio (D:6)
  A water moccasin (D:6)
  Duvessa (D:5)
  An ice beast (D:6)
  A sky beast (D:6)
  An ogre (D:7)
  A centaur (D:7)
  A bullfrog (D:6)
  3 scorpions
  Dowan (D:5)
  4 wights
  2 jellies
  3 orc priests
  2 sleepcaps
  2 iguanas
  3 orc wizards
  9 adders
  15 gnolls
  2 white imps (D:6)
  2 ufetubi
  4 worms
  3 dart slugs
  18 orcs
  14 endoplasms
  3 giant cockroaches
  4 goblins
  2 hobgoblins
  5 jackals (D:1)
  3 quokkas
  9 ball pythons
  10 bats
  A frilled lizard (D:3)
  9 kobolds
  6 rats
148 creatures vanquished.

Notes
Turn   | Place    | Note
-------+----------+-------------------------------------------
     0 | D:1      | Pimp the Formicid Fighter began the quest for the Orb.
     0 | D:1      | Reached XP level 1. HP: 18/18 MP: 1/1
   183 | D:1      | Reached XP level 2. HP: 24/24 MP: 2/2
   333 | D:1      | Reached XP level 3. HP: 29/29 MP: 3/3
   782 | D:2      | Reached XP level 4. HP: 37/37 MP: 4/4
  1117 | D:2      | Identified the +0 leather armour "Buvuris" {Str+2}
  1122 | D:2      | Reached XP level 5. HP: 42/42 MP: 5/5
  1307 | D:3      | Reached skill level 5 in Shields
  1310 | D:3      | Found a stormy altar of Qazlal.
  1534 | D:3      | Reached XP level 6. HP: 39/49 MP: 6/6
  1565 | D:3      | Found a burning altar of Makhleb.
  2006 | D:4      | Found a staircase to the Ecumenical Temple.
  2026 | D:4      | Found a glowing golden altar of the Shining One.
  2038 | Temple   | Entered the Ecumenical Temple
  2265 | Temple   | Became a worshipper of Gozag Ym Sagoz the Greedy
  2973 | D:5      | Entered Level 5 of the Dungeon
  3010 | D:5      | Found a radiant altar of Vehumet.
  3033 | D:5      | Noticed Duvessa
  3034 | D:5      | Noticed Dowan
  3040 | D:5      | Killed Duvessa
  3041 | D:5      | Reached skill level 5 in Fighting
  3041 | D:5      | Reached skill level 5 in Armour
  3041 | D:5      | Reached skill level 6 in Shields
  3041 | D:5      | Reached XP level 7. HP: 56/56 MP: 7/7
  3060 | D:5      | Killed Dowan
  3167 | D:5      | Found a blossoming altar of Fedhas.
  3343 | D:5      | Found a broken altar of Ashenzari.
  3785 | D:6      | Reached XP level 8. HP: 63/63 MP: 8/8
  3789 | D:6      | Noticed Eustachio
  3805 | D:6      | Killed Eustachio
  3806 | D:6      | Reached skill level 1 in Dodging
  3806 | D:6      | Reached skill level 1 in Spellcasting
  3908 | D:6      | Reached skill level 5 in Axes
  3908 | D:6      | Reached skill level 7 in Shields
  4072 | D:6      | Reached XP level 9. HP: 69/69 MP: 12/12
  4422 | D:6      | Noticed Prince Ribbit
  4447 | D:6      | Killed Prince Ribbit
  4631 | D:7      | Found an iron altar of Okawaru.
  4658 | D:7      | HP: 1/71 [wight/+0 great sword (14)]
  4658 | D:7      | Slain by a wight

Illustrated notes

Levels and vault maps discovered:
D:1:      heliophobic_arrival_battle_scene, layout_basic
D:2:      layout_loops_ring
D:3:      layout_loops_ring, bloody_makhleb, nicolae_qazlal_general_emergency,
          hangedman_feature_mirror
D:4:      layout_basic, kennysheep_little_box, minmay_temple_entry_butterflies
D:5:      layout_basic, mainiacjoe_overflow_concentric_impassable,
          mainiacjoe_overflow_brackets, lemuel_round_altar,
          small_statue_intersection, dk_noncrumbling_4, roderic_batcave,
          nicolae_half_adder, uniq_duvessa
D:6:      layout_gridville, uniq_prince_ribbit1, uniq_eustachio
D:7:      layout_rooms, okawaru_metal_pillars_3, kennysheep_mini_moat
Temple:   eino_temple_water

Skill      XL: |  1  2  3  4  5  6  7  8  9 |
---------------+----------------------------+-----
Armour         | 4 5 6 |  6.6
Fighting       | 4 5 6 |  6.5
Shields        | 5 6 7 |  7.9
Axes           | 3 4 5 6 |  6.5
Dodging        | 2 |  2.7
Spellcasting   | 2 3 |  3.0

Action                     |  1- 3 |  4- 6 |  7- 9 || total
---------------------------+-------+-------+-------++-------
  Melee: War axe           |    67 |   151 |   172 ||   390
    Use: Scroll            |     1 |       |     9 ||    10
         Potion            |       |       |     1 ||     1
 Armour: Scale mail        |    31 |    66 |    78 ||   175
  Dodge: Dodged            |    38 |    54 |    85 ||   177
  Block: Buckler           |    11 |     4 |       ||    15
         Kite shield       |       |    64 |   144 ||   208

Table legend: (Time is in decaauts)
 A = Elapsed time spent in this place.
 B = Non-inter-level travel time spent in this place.
 C = Inter-level travel time spent in this place.
 D = Time resting spent in this place.
 E = Time spent auto-exploring this place.
 F = Levels seen in this place.
 G = Mean time per level.
                   A        B        C        D        E       F      G
               +--------+--------+--------+--------+--------+-----+--------+
         Total |   4814 |   4718 |     96 |    126 |   3301 |   8 |  601.8 |
       Dungeon |   4576 |   4480 |     96 |    126 |   3119 |   7 |  653.7 |
        Temple |    238 |    238 |      0 |      0 |    182 |   1 |  238.0 |
               +--------+--------+--------+--------+--------+-----+--------+

Top non-repeatable levels by time:
     D:5: 822 daAuts
     D:4: 795 daAuts
     D:6: 788 daAuts
     D:1: 701 daAuts
     D:3: 683 daAuts
     D:2: 642 daAuts
  Temple: 238 daAuts
     D:7: 143 daAuts
